 Dungeon Crawl Stone Soup version 0.19.1-1-g22dce08 (webtiles) character file.

1017 TuxedoFelix the Skirmisher (level 8, -3/64 HPs)
             Began as a Human Wanderer on Jan 13, 2017.
             Was a Follower of Yredelemnul.
             Slain by Pikel
             ... wielding a +1 whip of electrocution
              (24 damage)
             ... on level 5 of the Dungeon.
             The game lasted 00:43:40 (5859 turns).

TuxedoFelix the Skirmisher (Human Wanderer)         Turns: 5859, Time: 00:43:41

Health: -3/64      AC:  8    Str: 12 (14) XL:     8   Next: 45%
Magic:  8/8        EV: 12    Int: 11 (12) God:    Yredelemnul [*.....]
Gold:   182        SH:  0    Dex: 13 (14) Spells: 0 memorised, 7 levels left

rFire  + . .     SeeInvis +     a - +3 mace
rCold  . . .     Gourm    .     h - +0 ring mail
rNeg   . . .     Faith    .     (no shield)
rPois  .         Spirit   .     n - +1 helmet of the Accordion {rF+ Regen+}
rElec  .         Reflect  .     (no cloak)
rCorr  .         Harm     +     (no gloves)
MR     .....                    (no boots)
Stlth  +.........               r - amulet of harm
                                t - ring of see invisible
                                g - ring of flight

@: hasted, very quick
A: no striking features
a: Animate Remains, Renounce Religion, Evoke Flight


You were on level 5 of the Dungeon.
You worshipped Yredelemnul.
Yredelemnul was aware of your devotion.
You were not hungry.

You visited 1 branch of the dungeon, and saw 5 of its levels.

You collected 182 gold pieces.

Inventory:

Hand Weapons
 a - a +3 mace (weapon)
Armour
 h - a +0 ring mail (worn)
 n - the +1 helmet of the Accordion (worn) {rF+ Regen+}
   (You took it off Robin on level 2 of the Dungeon)

   It protects you from fire.
   It increases your rate of regeneration.
Jewellery
 g - a ring of flight (left hand)
 r - an amulet of harm (around neck)
 t - a ring of see invisible (right hand)
Wands
 i - a wand of slowing (21/48)
Scrolls
 d - 2 scrolls of teleportation
 e - a scroll of remove curse {unknown}
 j - 2 scrolls of immolation
Potions
 b - 2 potions of lignification
 c - a potion of cancellation
 k - 2 potions of invisibility
Comestibles
 f - 7 bread rations
 m - a chunk of flesh
 v - a royal jelly


   Skills:
 * Level 6.1 Fighting
   Level 0.2 Long Blades
 * Level 4.9 Maces & Flails
 - Level 1.0 Throwing
 + Level 4.6 Armour
 + Level 3.4 Dodging
 - Level 2.4 Stealth


You had 7 spell levels left.
You didn't know any spells.

Dungeon Overview and Level Annotations

Branches:
Dungeon (5/15)
 Temple: D:4-7

Altars:
Makhleb
Yredelemnul

Annotations:
D:5 Pikel


Message History

You closely miss Pikel.
Pikel is heavily wounded.
The slave hits you.
Pikel hits you with a whip of electrocution.
You are electrocuted!
You sock Pikel!
Pikel is severely wounded.
Pikel drinks a potion.
Pikel is healed!
The slave hits you.
It was a potion of degeneration.
There was something very wrong with that liquid.
You feel weakened.
You feel dopey.
You feel clumsy. The slave hits you but does no damage.
Pikel hits you but does no damage. The slave misses you.
It was a potion of cure mutation.
It has a very clean taste.
The slave hits you. Pikel barely misses you. The slave closely misses you.
It was a potion of haste.
You feel yourself speed up. The slave closely misses you.
Pikel hits you but does no damage.
You are electrocuted!
You die...
Your body rises from the dead as a mindless zombie.

.........#.......#########.##.##
.........)......?...............
.................#########.##.##
.................# #.........
.............##'## ####......###
########.######.#......K........
#.# #.#.####.......... #.# #K#.#
#.......###
#.######@#.####.#.......
#>......pp...........####
#.#.####.#.###........
#......#............. #.###..#
###....###.. .# #..# ....# #.#
#..#####....# #.#.#
#...§pp...!.# #.#.#
##.##pp.....#


You could see Pikel and 2 slaves.

Vanquished Creatures
  The ghost of Paps the Shield-Bearer, a novice GrFi (D:5)
  An ice beast (D:5)
  2 ogres
  A bullfrog (D:4)
  A scorpion (D:4)
  An orc priest (D:3)
  A bullfrog skeleton (D:5)
  An iguana (D:4)
  A worker ant (D:4)
  Robin (D:2)
  6 adders
  2 oozes
  2 worms
  3 dart slugs
  4 leopard geckos
  11 orcs (D:3)
  A ball python (D:3)
  5 giant cockroaches
  17 goblins
  7 hobgoblins
  4 kobolds
  3 quokkas (D:5)
  12 bats
  2 frilled lizards
  A leopard gecko skeleton (D:5)
  4 rats
95 creatures vanquished.

Notes
Turn   | Place    | Note
-------+----------+-------------------------------------------
     0 | D:1      | TuxedoFelix the Human Wanderer began the quest for the Orb.
     0 | D:1      | TuxedoFelix set off with: a +2 mace, a potion of lignification, a scroll of teleportation, a +0 robe, a +0 dagger, a bread ration
     0 | D:1      | Reached XP level 1. HP: 18/18 MP: 1/1
   237 | D:1      | Reached XP level 2. HP: 19/24 MP: 2/2
   677 | D:1      | Reached XP level 3. HP: 29/29 MP: 3/3
  1138 | D:2      | Reached XP level 4. HP: 16/37 MP: 4/4
  1910 | D:2      | Noticed Robin
  2728 | D:2      | Killed Robin
  2728 | D:2      | Reached XP level 5. HP: 40/42 MP: 5/5
  2819 | D:2      | Got a translucent helmet
  2825 | D:2      | Identified the +1 helmet of the Accordion {rF+ Regen+} (You took it off Robin on level 2 of the Dungeon)
  3077 | D:3      | Reached skill level 4 in Fighting
  3699 | D:3      | Reached XP level 6. HP: 48/48 MP: 6/6
  4455 | D:4      | Reached XP level 7. HP: 53/55 MP: 7/7
  4830 | D:4      | Reached skill level 5 in Fighting
  4852 | D:4      | Found a faded altar of an unknown god.
  4852 | D:4      | Found a faded altar of an unknown god.
  4860 | D:4      | Found a faded altar of an unknown god.
  4863 | D:4      | Became a worshipper of Yredelemnul the Dark
  4863 | D:4      | Reached * piety under Yredelemnul
  4868 | D:4      | Found a burning altar of Makhleb.
  4870 | D:4      | Found a faded altar of an unknown god.
  5154 | D:5      | Entered Level 5 of the Dungeon
  5389 | D:5      | Noticed Paps's ghost (novice GrFi)
  5412 | D:5      | Killed Paps's ghost
  5412 | D:5      | Reached skill level 6 in Fighting
  5412 | D:5      | Reached XP level 8. HP: 11/64 MP: 8/8
  5708 | D:5      | Noticed Pikel
  5859 | D:5      | Slain by Pikel

Skill      XL: |  1  2  3  4  5  6  7 |
---------------+----------------------+-----
Armour         | 3 4 |  4.6
Fighting       | 4 6 |  6.1
Maces & Flails | 2 3 4 |  4.9
Dodging        | 2 3 |  3.4
Long Blades    | |  0.2
Throwing       | |  1.0
Stealth        | |  2.4

Action                   |  1- 3 |  4- 6 |  7- 9 || total
-------------------------+-------+-------+-------++-------
Melee: Mace              |    82 |   163 |    78 ||   323
Throw: Throwing net      |       |       |     1 ||     1
Evoke: Wand              |       |       |     1 ||     1
  Use: Scroll            |       |    14 |     4 ||    18
       Potion            |       |     2 |     4 ||     6
 Stab: Sleeping          |       |       |     1 ||     1
  Eat: Bread ration      |       |     1 |     1 ||     2
       Meat ration       |       |     1 |       ||     1
       Beef jerky        |       |     1 |       ||     1
       Chunk             |       |       |     2 ||     2
Armor: Robe              |     1 |       |       ||     1
       Ring mail         |    50 |   101 |    26 ||   177
Dodge: Dodged            |    83 |   131 |    55 ||   269
